 Dungeon Crawl Stone Soup version 0.31.0-32-g396128a36d (webtiles) character file.

Game seed: 6586700763782239177

2895 TangoThomas the Apothecary (level 9, -1/65 HPs)
             Began as a Demonspawn Alchemist on Apr 12, 2024.
             Slain by an orc warlord
             ... wielding a +6 battleaxe
              (36 damage)
             ... in a bailey.
             The game lasted 00:19:40 (6844 turns).

TangoThomas the Apothecary (Demonspawn Alchemist)   Turns: 6844, Time: 00:19:41

Health: -1/65      AC: 15    Str: 11    XL:     9   Next: 49%
Magic:  0/15       EV: 14    Int: 15    God:
Gold:   512        SH:  0    Dex: 19    Spells: 6/16 levels left

rFire   . . .        g - +2 short sword (protect)
rCold   . . .        (no shield)
rNeg    . . .        Q - +0 steam dragon scales
rPois   .            (helmet restricted)
rElec   .            (no cloak)
rCorr   .            A - +2 pair of gloves {Str+3}
SInv    .            (no boots)
Will    +....        (no amulet)
Stlth   +++          p - ring of willpower
HPRegen 0.30/turn    J - ring of wizardry
MPRegen 0.14/turn

%: wizardry (x1)
@: under a protective aura
A: horns 1, ignite blood 2, demonic magic 2, weakness stinger 1
a: no special abilities


You were in a bailey.
You visited 1 branch of the dungeon, and saw 7 of its levels.
You also visited: Ossuary and Bailey.

You collected 512 gold pieces.

Inventory:

Hand Weapons
 d - a +0 whip
 g - a +2 short sword of protection (weapon)
 q - a +0 sling
 v - a +1 dagger of draining
 y - a +2 dagger of distortion
 L - a +0 orcbow
 O - a +2 short sword of speed
 P - a +0 vampiric short sword
Missiles
 s - 19 poisoned darts (quivered)
 R - 2 throwing nets
Armour
 a - a +0 robe
 f - a +0 leather armour
 j - a +0 ring mail
 t - a +1 animal skin
 u - a +0 helmet
 A - a +2 pair of gloves of strength (worn)
 Q - +0 steam dragon scales (worn)
Jewellery
 p - a ring of willpower (left hand)
 w - a +6 ring of strength
 J - a ring of wizardry (right hand)
Wands
 x - a wand of flame (40)
 S - a wand of roots (6)
Scrolls
 h - 2 scrolls of butterflies
 i - 3 scrolls of enchant armour
 l - a scroll of immolation
 m - 2 scrolls of blinking
 o - a scroll of torment
 C - a scroll of silence
 D - a scroll of fog
 G - 3 scrolls of amnesia
 K - a scroll of noise {unknown}
 U - 2 scrolls of enchant weapon {unknown}
Potions
 b - 2 potions of magic
 c - 3 potions of lignification {unknown}
 e - 2 potions of ambrosia
 k - a potion of berserk rage {unknown}
 n - 2 potions of curing {unknown}
 r - 2 potions of brilliance {unknown}
 z - a potion of resistance {unknown}
 B - 3 potions of cancellation {unknown}
 E - 2 potions of haste {unknown}
 F - 2 potions of attraction {unknown}
 H - 2 potions of heal wounds {unknown}
 I - a potion of might {unknown}
 M - 2 potions of mutation {unknown}
 N - a potion of enlightenment {unknown}
 T - a potion of invisibility {unknown}


   Skills:
 + Level 3.8 Fighting
 + Level 4.4 Short Blades
 * Level 3.0 Ranged Weapons
 + Level 4.0 Dodging
 - Level 4.0 Stealth
 + Level 4.0 Spellcasting
 * Level 5.9 Conjurations
 * Level 6.7 Alchemy


You had 6 spell levels left.
You knew the following spells:

 Your Spells              Type           Power      Damage    Failure   Level
a - Sting                 Conj/Alch      88%        1d8       1%          1
b - Mercury Vapours       Alch/Air       26%        N/A       2%          2
c - Mephitic Cloud        Conj/Alch/Air  15%        N/A       4%          3
d - Olgreb's Toxic Radia  Alch           23%        N/A       4%          4

Your spell library contained the following spells:

 Spells                   Type           Power      Damage    Failure   Level
 Momentum Strike          Conj/Tloc      22%        3d8       3%          2
 Blink                    Tloc           6%         N/A       11%         2
 Lesser Beckoning         Tloc           6%         N/A       11%         2
 Sticky Flame             Fire/Alch      13%        2d5       17%         4
 Freezing Cloud           Conj/Ice/Air   4%         6-21      63%         5


Dungeon Overview and Level Annotations

Branches:
Dungeon (7/15)            Ossuary (visited)          Bailey (1/1)
 Temple: D:4-7

Altars:

Shops:
D:6 *

Annotations:
D:6 2 transporters, ratatoskos's ghost, novice DENe


Innate Abilities, Weirdness & Mutations

You have a pair of small horns on your head.
Your demonic aura often causes spilled blood to erupt in flames.
Spells you cast may paralyse nearby enemies.
You have a small tail.


Message History

Aim: an orc warlord, wielding a +6 battleaxe and wearing a +0 plate armour (heavily wounded, very poisoned)
The roots erupt in riotous growth!
Roots grab the orc warlord.
The grasping roots constrict the orc warlord.
The orc warlord struggles to escape constriction.
Casting: Sting (safe; 1% risk of failure)
Confirm with . or Enter, or press ? or * to list all spells.
Aiming: Mephitic Cloud (dangerous; 4% risk of failure)
Press: ? - help, Shift-Dir - straight line, f/p - orc warlord
Aim: an orc warlord, wielding a +6 battleaxe and wearing a +0 plate armour (heavily wounded, very poisoned, constricted by roots, chance to affect: 29%)
The ball explodes into a vile cloud!
The stinking cloud engulfs the orc warlord.
The orc warlord is heavily wounded.
Malevolent energies surge around you.
The grasping roots constrict the orc warlord, but do no damage.
The roots release their grip on the orc warlord.
The orc warlord is engulfed in noxious fumes.
The orc warlord appears confused.
You barely miss the orc warlord.
You headbutt the orc warlord, but do no damage.
The orc warlord is heavily wounded.
The orc warlord closely misses you.
The orc warlord hits itself with a +6 battleaxe!
You hit the orc warlord but do no damage.
Your weapon exudes an aura of protection.
You headbutt the orc warlord.
The orc warlord is severely wounded.
You catch the helpless orc warlord completely off-guard!
You hit the orc warlord.
The orc warlord is severely wounded.
You hit the orc warlord but do no damage.
You tail-slap the orc warlord, but do no damage.
The orc warlord is severely wounded.
You hit the orc warlord.
You headbutt the orc warlord, but do no damage.
The orc warlord is almost dead.
The orc warlord seems less confused.
The orc warlord misses you.
The orc warlord hits you with a +6 battleaxe!!!
Ouch! That really hurt!
You die...

.)~~~.#~.........~#.~~~...♣♣
..~~~)#~....∩....~#.~~~)..∩♣
..~~~.##.........##.~~~)..♣♣
..~~~.#~..8...8..~#.~~~...♣
..###'#~.........~#'###..♣♣
.##.(.#~"!8...8?)~#...##.♣
##....##~~#####~~##....##♣
#......####...####......##
............((°§@........#
..8..8.(......○○§o.8..8..#
.)................)......#
#............(..........##
##...8...##'''##..)8...##
##.....##..(..##.....##
##...##.......##...##
≈≈#####.........#####≈≈
≈≈≈≈≈≈≈....∩....≈≈≈≈≈≈≈


You could see an orc warlord (very poisoned).

Vanquished Creatures
  An orc knight (Bailey)
  A steam dragon (D:6)
  2 black bears
  3 orc warriors (Bailey)
  A centaur (D:5)
  A phantom (D:7)
  A kobold brigand (D:6)
  3 elf zombies (Ossuary)
  2 gnoll sergeants (D:7)
  3 scorpions (D:5)
  A howler monkey (D:6)
  A bombardier beetle (D:3)
  3 centaur zombies (Ossuary)
  A jelly (D:5)
  A human zombie (Ossuary)
  2 orc priests
  5 hounds
  2 orc wizards (D:5)
  Natasha (thrice) (D:3)
  4 iguanas
  3 hound zombies (Ossuary)
  2 mummies (Ossuary)
  Robin (D:2)
  12 gnolls
  9 adders
  A shadow imp (D:6)
  4 adder zombies (Ossuary)
  2 ribbon worms (D:3)
  4 dart slugs
  20 orcs
  8 ball pythons
  5 bats
  7 endoplasms
  A giant cockroach (D:4)
  6 gnoll zombies (Ossuary)
  7 hobgoblins
  34 kobolds
  3 quokkas (D:1)
  3 frilled lizards
  25 goblins
  2 goblin zombies (D:4)
  6 jackal zombies (Ossuary)
  6 kobold zombies (Ossuary)
  4 orc zombies (Ossuary)
  4 rats
220 creatures vanquished.

Notes
Turn   | Place    | Note
-------+----------+-------------------------------------------
     0 | D:1      | TangoThomas the Demonspawn Alchemist began the quest for
                  | the Orb.
     0 | D:1      | Reached XP level 1. HP: 13/13 MP: 3/3
   188 | D:1      | Discovered your monstrous ancestry.
   188 | D:1      | Gained mutation: You have a small tail. [demonic ancestry]
   188 | D:1      | Reached XP level 2. HP: 15/19 MP: 5/5
   743 | D:1      | Gained mutation: Spells you cast may paralyse adjacent
                  | enemies. [demonic ancestry]
   743 | D:1      | Reached XP level 3. HP: 25/25 MP: 6/6
   746 | D:1      | Learned a level 2 spell: Mercury Vapours
   750 | D:1      | Learned a level 3 spell: Mephitic Cloud
  1426 | D:2      | Identified the +0 chain mail of Zeur {Dex+3}
  1511 | D:2      | Noticed Robin
  1523 | D:2      | Reached XP level 4. HP: 31/31 MP: 1/7
  1536 | D:2      | Killed Robin
  1537 | D:2      | Reached skill level 1 in Short Blades
  1869 | D:3      | Noticed Natasha
  1877 | D:3      | Killed Natasha
  1915 | D:3      | Reached skill level 1 in Fighting
  1991 | D:3      | Reached XP level 5. HP: 24/37 MP: 5/8
  2157 | D:3      | Noticed Natasha
  2164 | D:3      | Killed Natasha
  2191 | D:3      | Noticed Natasha
  2197 | D:3      | Killed Natasha
  2198 | D:3      | Reached skill level 4 in Alchemy
  2753 | D:4      | Found a sand-covered staircase.
  2762 | Ossuary  | Entered an ossuary
  2842 | Ossuary  | Gained mutation: Your demonic aura sometimes causes spilled
                  | blood to erupt in flames. [demonic ancestry]
  2842 | Ossuary  | Reached XP level 6. HP: 43/43 MP: 9/9
  3227 | Ossuary  | Gained mutation: Your demonic aura often causes spilled
                  | blood to erupt in flames. [demonic ancestry]
  3227 | Ossuary  | Reached XP level 7. HP: 49/49 MP: 11/11
  3706 | D:4      | Reached skill level 5 in Alchemy
  4047 | D:5      | Entered Level 5 of the Dungeon
  4204 | D:5      | Gained mutation: You have a pair of small horns on your
                  | head. [demonic ancestry]
  4204 | D:5      | Reached XP level 8. HP: 57/57 MP: 12/12
  4863 | D:5      | Learned a level 4 spell: Olgreb's Toxic Radiance
  5071 | D:6      | Reached skill level 1 in Ranged Weapons
  5314 | D:6      | Reached skill level 5 in Conjurations
  5581 | D:6      | Reached skill level 6 in Alchemy
  5674 | D:6      | Noticed ratatoskos's ghost (novice DENe)
  5675 | D:6      | Found a transporter.
  5680 | D:6      | Found a transporter.
  5757 | D:6      | Found Gisun's Assorted Antiques.
  6191 | D:7      | Gained mutation: Spells you cast may paralyse nearby
                  | enemies. [demonic ancestry]
  6191 | D:7      | Reached XP level 9. HP: 49/64 MP: 2/14
  6389 | D:7      | Found a flagged portal.
  6415 | Bailey   | Entered a bailey
  6455 | Bailey   | Noticed an orc warlord
  6514 | Bailey   | Noticed an orc knight
  6561 | Bailey   | Killed an orc knight
  6695 | Bailey   | Found a runed translucent gate.
  6697 | Bailey   | Found a runed translucent gate.
  6698 | Bailey   | Found a runed translucent gate.
  6844 | Bailey   | Slain by an orc warlord

Illustrated notes

Levels and vault maps discovered:
D:1:      nicolae_arrival_washed_ashore, layout_basic
D:2:      layout_basic, uniq_robin
D:3:      layout_basic, interstate_on_off, minmay_mini_jars, uniq_natasha
D:4:      layout_cave_pools, enter_ossuary_4
D:5:      layout_gridville, minmay_circle_x
D:6:      kennysheep_kobold_camp, layout_rooms, serial_shops, shop,
          gammafunk_ghost_hive
D:7:      layout_cave_pools, nicolae_ru_great_annihilating_truth,
          minmay_temple_entry_sparse_star, enter_bailey_5, chequers_mini_garden
Bailey:   bailey_axe_bossmonster_kennysheep, bailey

Skill      XL: |  1  2  3  4  5  6  7  8  9 |
---------------+----------------------------+-----
Stealth        | 2 3 4 |  4.0
Dodging        | 2 3 4 |  4.0
Conjurations   | 2 3 4 5 |  5.9
Short Blades   | 1 2 3 4 |  4.4
Fighting       | 1 2 3 |  3.8
Alchemy        | 4 5 6 |  6.7
Spellcasting   | 3 4 |  4.0
Ranged Weapons | 1 3 |  3.0

Action                     |  1- 3 |  4- 6 |  7- 9 || total
---------------------------+-------+-------+-------++-------
  Melee: Whip              |    23 |       |       ||    23
         Unarmed           |     1 |       |       ||     1
         Short sword       |    71 |   257 |   396 ||   724
         Tailslap          |     8 |    40 |    71 ||   119
         Punch             |     3 |     4 |     8 ||    15
         Dagger            |       |     3 |       ||     3
         Headbutt          |       |       |    55 ||    55
  Throw: Dart              |       |       |     2 ||     2
   Cast: Sting             |    21 |    10 |    18 ||    49
         Mercury Vapours   |       |     7 |     3 ||    10
         Olgreb's Toxic Ra |       |       |    18 ||    18
         Mephitic Cloud    |       |       |     6 ||     6
  Evoke: Wand              |       |       |     4 ||     4
    Use: Scroll            |       |     1 |     7 ||     8
   Stab: Sleeping          |     3 |     3 |    13 ||    19
         Paralysed         |     3 |     6 |     7 ||    16
         Distracted        |       |       |     4 ||     4
         Confused          |       |       |     5 ||     5
 Armour: Robe              |    27 |       |       ||    27
         Leather armour    |    40 |     8 |       ||    48
         Animal skin       |       |   141 |   150 ||   291
         Steam dragon scal |       |       |    20 ||    20
  Dodge: Dodged            |    74 |   162 |   177 ||   413
